 Dungeon Crawl Stone Soup version 0.29-a0-344-ge2f44be95a (webtiles) character file.

Game seed: 13700875694490820538

226 Ijustatesigmund the Conjurer (level 5, -1/28 HPs)
             Began as a Deep Elf Conjurer on Apr 22, 2022.
             Slain by a wyvern (8 damage)
             ... on level 4 of the Dungeon.
             The game lasted 00:06:59 (4012 turns).

Ijustatesigmund the Conjurer (Deep Elf Conjurer)    Turns: 4012, Time: 00:06:59

Health: -1/28      AC:  7    Str:  4    XL:     5   Next: 69%
Magic:  2/15       EV: 12    Int: 32    God:
Gold:   193        SH:  0    Dex: 13    Spells: 7/15 levels left

rFire   . . .      SeeInvis .   c - +1 short sword
rCold   + . .      Faith    .   (no shield)
rNeg    . . .      Spirit   .   a - +1 robe
rPois   .          Reflect  .   p - +0 helmet
rElec   .          Harm     .   d - +1 cloak of the True Pharaoh {Int+7}
rCorr   .          Rampage  .   e - +0 pair of gloves
Will    .....                   (no boots)
Stlth   ++........              (no amulet)
HPRegen 0.09/turn               j - ring of protection from cold
MPRegen 0.14/turn               (no ring)

@: no status effects
A: no striking features
a: no special abilities


You were on level 4 of the Dungeon.
You visited 1 branch of the dungeon, and saw 4 of its levels.

You collected 193 gold pieces.

Inventory:

Hand Weapons
 c - a +1 short sword (weapon)
Armour
 a - a +1 robe (worn)
 d - the +1 cloak of the True Pharaoh (worn) {Int+7}
   (You found it on level 3 of the Dungeon)

   Int:       It affects your intelligence (+7).
 e - a +0 pair of gloves (worn)
 p - a +0 helmet (worn)
Jewellery
 j - a ring of protection from cold (left hand)
 l - the ring of Cearovus {rF++ rC+}
   (You found it on level 2 of the Dungeon)

   [ring of protection from cold]

   rF:        It greatly protects you from fire.
   rC:        It protects you from cold.
 q - a ring of wizardry
Scrolls
 n - a scroll of immolation {unknown}
 r - 2 scrolls of magic mapping {unknown}
Potions
 b - 2 potions of magic
 f - 3 potions of might
 g - 6 potions of curing
 h - a potion of invisibility
 i - a potion of brilliance {unknown}
 k - a potion of ambrosia {unknown}
 m - a potion of mutation {unknown}
 o - a potion of lignification {unknown}


   Skills:
 - Level 2.7 Dodging
 - Level 2.4 Stealth
 - Level 5.9 Spellcasting
 + Level 6.2 Conjurations


You had 7 spell levels left.
You knew the following spells:

 Your Spells              Type           Power      Damage    Failure   Level
a - Magic Dart            Conj           100%       1d8       1%          1
b - Searing Ray           Conj           98%        2d8       1%          2
c - Iskenderun's Battles  Conj           49%        2d10      10%         5

Your spell library contained the following spells:

 Spells                   Type           Power      Damage    Failure   Level
 Dazzling Flash           Conj/Hex       58%        N/A       3%          3
 Summon Small Mammal      Summ           36%        N/A       4%          1
 Fulminant Prism          Conj/Hex       14%        3d9       13%         4
 Iskenderun's Mystic Bla  Conj/Tloc      29%        2d7       13%         4
 Call Canine Familiar     Summ           9%         N/A       14%         3
 Gell's Gravitas          Tloc           9%         N/A       14%         3
 Lesser Beckoning         Tloc           9%         N/A       14%         3
 Summon Guardian Golem    Hex/Summ       9%         N/A       14%         3
 Teleport Other           Tloc           9%         N/A       14%         3
 Fireball                 Conj/Fire      14%        3d8       34%         5
 Conjure Ball Lightning   Conj/Air       14%        3x3d6     89%         6
 Orb of Destruction       Conj           24%        9d9       96%         7


Dungeon Overview and Level Annotations

Branches:
Dungeon (4/15)
 Temple: D:4-7

Altars:
Fedhas
Xom

Annotations:
D:3 exclusion: oklob plant


Message History

There is an open door here.
r - 2 scrolls labelled ROM KOATOANI
There is a stone staircase leading down here.
Found a stone staircase leading up.
A wyvern comes into view.
Casting: Magic Dart (safe; 1% risk of failure)
Confirm with . or Enter, or press ? or * to list all spells.
The spell is extremely dangerous to miscast (10% risk of failure)!
Continue anyway?
You conjure a globe of magical energy.
The wyvern hisses angrily.
The wyvern bites your battlesphere!!
Your battlesphere is destroyed!
Casting: Iskenderun's Battlesphere (extremely dangerous; 10% risk of failure)
Confirm with . or Enter, or press ? or * to list all spells.
Aiming: Searing Ray (safe; 1% risk of failure)
Press: ? - help, Shift-Dir - straight line, f - wyvern
Aim: a wyvern (magical condensation, 83% to hit)
The searing ray misses the wyvern. (Press . to maintain the ray.)
The searing ray hits the wyvern!
The wyvern is moderately wounded.
The wyvern closely misses you. The wyvern misses you.
The searing ray hits the wyvern.
The wyvern is heavily wounded.
The wyvern bites you!
The searing ray hits the wyvern!
The wyvern is almost dead.
You finish channelling your searing ray.
The wyvern closely misses you. The wyvern bites you!
* * * LOW HITPOINT WARNING * * *
Casting: Searing Ray (safe; 1% risk of failure)
Confirm with . or Enter, or press ? or * to list all spells.
Aiming: Searing Ray (safe; 1% risk of failure)
Press: ? - help, Shift-Dir - straight line, f/p - wyvern
Aim: a wyvern (almost dead, 83% to hit)
The searing ray misses the wyvern. (Press . to maintain the ray.)
The wyvern misses you.
The searing ray misses the wyvern.
The wyvern bites you!
You die...

##########
#......@.#
#.######l# #.#<#
.# #.#.# .# #.#.#
.# #####
#.#.####.# ....#
#.#....#.# ....#
#.#.##.#.#
....######.####.#


You could see a wyvern.

Vanquished Creatures
  A scorpion (D:3)
  6 adders
  5 gnolls
  An ufetubus (D:4)
  3 orcs (D:3)
  7 ball pythons
  2 bats
  9 endoplasms
  3 goblins
  8 hobgoblins
  4 kobolds
  2 quokkas (D:3)
  5 frilled lizards
  2 rats
58 creatures vanquished.

Vanquished Creatures (others)
  10 fungi (D:3)
  19 plants (D:3)
  15 toadstools (D:3)
44 creatures vanquished.

Grand Total: 102 creatures vanquished

Notes
Turn   | Place    | Note
-------+----------+-------------------------------------------
     0 | D:1      | Ijustatesigmund the Deep Elf Conjurer began the quest for
                  | the Orb.
     0 | D:1      | Reached XP level 1. HP: 10/10 MP: 6/6
   423 | D:1      | Reached XP level 2. HP: 15/15 MP: 3/8
   428 | D:1      | Learned a level 2 spell: Searing Ray
  1196 | D:2      | Reached XP level 3. HP: 19/19 MP: 8/10
  1228 | D:2      | Reached skill level 5 in Conjurations
  1528 | D:2      | Found a shimmering altar of Xom.
  1631 | D:2      | Identified the ring of Cearovus {rF++ rC+}
  2050 | D:3      | Reached XP level 4. HP: 24/24 MP: 8/12
  2122 | D:3      | Noticed a scorpion
  2129 | D:3      | Killed a scorpion
  2130 | D:3      | Reached skill level 5 in Spellcasting
  2282 | D:3      | Found a blossoming altar of Fedhas.
  2302 | D:3      | Noticed an oklob plant
  2488 | D:3      | Reached XP level 5. HP: 28/28 MP: 10/14
  2780 | D:3      | Reached skill level 6 in Conjurations
  3088 | D:3      | Identified the +1 cloak of the True Pharaoh {Int+7}
  3699 | D:4      | Identified the +2 ring mail of Action {*Slow rPois Dex+4
                  | Slay+3}
  3935 | D:4      | Learned a level 5 spell: Iskenderun's Battlesphere
  4005 | D:4      | Noticed a wyvern
  4012 | D:4      | Slain by a wyvern

Illustrated notes

Levels and vault maps discovered:
D:1:      scummos_arrival_hexagon, layout_basic, minmay_pentomino_w2
D:2:      minmay_door_path, layout_loops_ring, basic_altar
D:3:      minmay_wonky_spiral, layout_loops_ring, tgw_fedhas
D:4:      layout_basic

Skill      XL: |  1  2  3  4  5 |
---------------+----------------+-----
Spellcasting   | 4 5 |  5.9
Conjurations   | 5 6 |  6.2
Dodging        | |  2.7
Stealth        | |  2.4

Action                   |  1- 3 |  4- 6 || total
-------------------------+-------+-------++-------
 Cast: Magic Dart        |    52 |    70 ||   122
       Searing Ray       |     1 |     7 ||     8
       Iskenderun's Batt |       |     1 ||     1
  Use: Scroll            |     4 |     8 ||    12
Armor: Robe              |     3 |     3 ||     6
Dodge: Dodged            |     1 |    13 ||    14

Table legend: (Time is in decaauts)
 A = Elapsed time spent in this place.
 B = Non-inter-level travel time spent in this place.
 C = Inter-level travel time spent in this place.
 D = Time resting spent in this place.
 E = Time spent auto-exploring this place.
 F = Levels seen in this place.
 G = Mean time per level.
                   A        B        C        D        E       F      G
               +--------+--------+--------+--------+--------+-----+--------+
         Total |   4012 |   3920 |     92 |    538 |   3005 |   4 | 1003.0 |
       Dungeon |   4012 |   3920 |     92 |    538 |   3005 |   4 | 1003.0 |
               +--------+--------+--------+--------+--------+-----+--------+

Top non-repeatable levels by time:
     D:3: 1451 daAuts
     D:1: 1149 daAuts
     D:2: 939 daAuts
     D:4: 471 daAuts
